[Event "Team 45 45 League T47"]
[Site "Internet Chess Club"]
[Date "2010.11.07"]
[Round "1"]
[White "RedAttack"]
[Black "theophilus"]
[Result "0-1"]
[WhiteElo "2001"]
[BlackElo "2252"]
[Opening "Réti opening"]
[ECO "A96"]
[Time "10:04:18"]
[TimeControl "2700+45"]

1. Nf3 e6 2. d4 f5 3. c4 Nf6 4. Nc3 Be7 5. g3 O-O 6. Bg2 d6 7. O-O a5 8. Qd3 Nc6
9. a3 e5 10. dxe5 dxe5 11. Qxd8 Bxd8 12. Bg5 Be6 13. b3 h6 14. Bd2 e4 15. Ne1 a4
16. Nxa4 Bxc4 17. bxc4 Rxa4 18. Rb1 b6 19. Bb4 Nxb4 20. axb4 Be7 21. Nc2 Rd8 22.
Rfc1 Rd2 23. Bf1 Ng4 24. h3 Ne5 25. Ne3 Bxb4 26. Nxf5 Bc5 27. e3 Raa2 28. Ra1
Nf3+ 29. Kh1 Rxf2 30. Rxa2 Rxa2 31. Bg2 Re2 32. Bxf3 exf3 33. Rf1 Rc2 34. Rxf3
Rxc4 35. Rf2 b5 36. Kg2 Rc3 37. Re2 b4 38. e4 b3 39. Kf1 Rc1+ 40. Kg2 Rc2 {White
resigns} 0-1

[Event "Team 45 45 League T47"]
[Site "Internet Chess Club"]
[Date "2010.11.08"]
[Round "1"]
[White "chess92192"]
[Black "MikeA"]
[Result "0-1"]
[WhiteElo "2035"]
[BlackElo "2176"]
[Opening "QGD semi-Slav: 5...Nd7"]
[ECO "D45"]
[Time "20:06:32"]
[TimeControl "2700+45"]

1. d4 d5 2. c4 c6 3. Nc3 Nf6 4. Nf3 e6 5. e3 Nbd7 6. Bd2 Bd6 7. Rc1 O-O 8. Bd3
dxc4 9. Bxc4 b5 10. Bd3 a6 11. O-O Bb7 12. Ne4 Nxe4 13. Bxe4 Rc8 14. a3 Nf6 15.
Bb1 c5 16. dxc5 Bxc5 17. Qe2 Ne4 18. Rfd1 Qf6 19. Be1 Rfe8 20. h3 Be7 21. Bxe4
Bxe4 22. Bc3 Qg6 23. Ne1 Bd5 24. Qg4 Qxg4 25. hxg4 f6 26. Nd3 Bb3 27. Re1 Kf7
28. Kf1 Red8 29. Ke2 e5 30. Ba5 Re8 31. Nb4 Bc4+ 32. Kf3 e4+ 33. Kg3 Bd6+ 34.
Kh3 Be5 35. Rc2 g5 36. Rec1 Rh8 37. g3 h5 38. gxh5 Rxh5+ 39. Kg2 Rch8 40. Rxc4
Rh2+ 41. Kf1 bxc4 42. Rxc4 Bxg3 43. Bc7 Rxf2+ 44. Kg1 Rhh2 45. Bxg3 Rhg2+ 46.
Kh1 Rxg3 47. Rxe4 Rf1+ 48. Kh2 Rfg1 49. Nd5 R3g2+ 50. Kh3 g4+ {White resigns}
0-1

[Event "Team 45 45 League T47"]
[Site "Internet Chess Club"]
[Date "2010.11.06"]
[Round "1"]
[White "GreatPelle"]
[Black "RamRock"]
[Result "1-0"]
[WhiteElo "2045"]
[BlackElo "1806"]
[Opening "Blackmar-Diemer gambit"]
[ECO "D00"]
[Time "01:00:15"]
[TimeControl "2700+45"]

1. d4 Nf6 2. Nc3 d5 3. e4 dxe4 4. f3 exf3 5. Nxf3 c6 6. Ne5 Bf5 7. g4 Bg6 8. g5
Nd5 9. Qf3 Nxc3 10. bxc3 Qd5 11. Qxd5 cxd5 12. Bb5+ Kd8 13. Bd3 Bxd3 14. cxd3
Ke8 15. O-O f6 16. Ng4 Nd7 17. Bd2 fxg5 18. Bxg5 Nf6 19. Ne3 Rd8 20. Rab1 b6 21.
Rb5 Kf7 22. Rxd5 Rxd5 23. Nxd5 Kg6 24. Bxf6 exf6 25. Nf4+ Kf7 26. d5 Bd6 27. Ne6
Rc8 28. c4 b5 29. Rc1 bxc4 30. dxc4 Bc5+ 31. Kg2 f5 32. Rb1 Bb6 33. c5 Rxc5 34.
Nxc5 Bxc5 35. Rb7+ Kf6 36. d6 Bd4 37. h4 f4 38. Kf3 Be3 39. d7 Ke7 40. d8=Q+
Kxd8 41. Rxg7 h5 42. Rg5 Kc7 43. Rxh5 a5 44. Rxa5 {Black resigns} 1-0

[Event "Team 45 45 League T47"]
[Site "Internet Chess Club"]
[Date "2010.11.07"]
[Round "1"]
[White "mugurelt"]
[Black "CaoCao"]
[Result "1/2-1/2"]
[WhiteElo "1792"]
[BlackElo "1914"]
[Opening "English: Bremen system, Keres variation"]
[ECO "A23"]
[Time "21:00:17"]
[TimeControl "2700+45"]

1. c4 Nf6 2. Nc3 e5 3. g3 c6 4. Bg2 d5 5. cxd5 cxd5 6. d3 Nc6 7. Nf3 Be7 8. O-O
O-O 9. Bg5 Be6 10. Rc1 Qd7 11. a3 h6 12. Bxf6 Bxf6 13. e3 Rfd8 14. d4 Bg4 15.
Qb3 exd4 16. exd4 Bxf3 17. Bxf3 Nxd4 18. Qxd5 Nxf3+ 19. Qxf3 Bxc3 20. Qxc3 Rac8
21. Qf3 Rxc1 22. Rxc1 {Game drawn by mutual agreement} 1/2-1/2

[Event "Team 45 45 League T47"]
[Site "Internet Chess Club"]
[Date "2010.11.05"]
[Round "1"]
[White "ChristopherPace"]
[Black "PandorasBox"]
[Result "1/2-1/2"]
[WhiteElo "2051"]
[BlackElo "1938"]
[Opening "Dutch with c4 & Nc3"]
[ECO "A87"]
[Time "17:12:35"]
[TimeControl "2700+45"]

1. d4 f5 2. c4 Nf6 3. Nc3 g6 4. g3 Bg7 5. Bg2 O-O 6. Nf3 d6 7. O-O Qe8 8. Re1
Qf7 9. b3 Ne4 10. Bb2 Nc6 11. Qd3 Nxc3 12. Bxc3 e5 13. dxe5 dxe5 14. Ng5 Qe7 15.
Bd5+ Kh8 16. Qd2 {Game drawn by mutual agreement} 1/2-1/2

[Event "Team 45 45 League T47"]
[Site "Internet Chess Club"]
[Date "2010.11.07"]
[Round "1"]
[White "Deckfuel"]
[Black "christinaa"]
[Result "1-0"]
[WhiteElo "1981"]
[BlackElo "2083"]
[Opening "Dunst (Sleipner, Heinrichsen) opening"]
[ECO "A00"]
[Time "11:00:49"]
[TimeControl "2700+45"]

1. Nc3 d5 2. e4 d4 3. Nce2 e5 4. Ng3 Be6 5. N1e2 c5 6. f4 exf4 7. Nxf4 Bd6 8.
Nxe6 fxe6 9. e5 Bc7 10. Qf3 Nc6 11. Bb5 Qd7 12. Ne4 Qd5 13. O-O O-O-O 14. Bxc6
Qxc6 15. d3 Bxe5 16. Bg5 Re8 17. Qf7 h6 18. Bf4 Bxf4 19. Rxf4 Ne7 20. Qxg7 Rhg8
21. Qxh6 Nf5 22. Rxf5 exf5 23. Qxc6+ bxc6 24. Nd6+ Kd7 25. Nxe8 Rxe8 26. Kf2 Rh8
27. h3 Kd6 28. Re1 a5 29. a4 c4 30. dxc4 Kc5 31. Re5+ Kb4 32. Rxf5 Kxa4 33. Rc5
Rb8 34. b3+ Kb4 35. Rxc6 Kc3 36. Rd6 a4 37. bxa4 Rb2 38. Kf3 Rb4 39. a5 Rxc4 40.
g4 Kxc2 41. Ke2 Kc3 42. a6 Rc7 43. g5 Re7+ 44. Kd1 d3 45. g6 Re8 46. a7 Ra8 47.
Rd7 Rf8 48. Rc7+ Kd4 49. g7 Rf1+ 50. Kd2 Rf2+ 51. Ke1 Re2+ 52. Kd1 Ke3 53. g8=Q
Ra2 54. Qxa2 {Black resigns} 1-0

[Event "Team 45 45 League T47"]
[Site "Internet Chess Club"]
[Date "2010.11.06"]
[Round "1"]
[White "Hathor"]
[Black "alexdb"]
[Result "1-0"]
[WhiteElo "1952"]
[BlackElo "1932"]
[Opening "Queen's pawn: Torre attack"]
[ECO "A46"]
[Time "14:05:52"]
[TimeControl "2700+45"]

1. d4 Nf6 2. Nf3 e6 3. Bg5 Be7 4. Nbd2 d5 5. e3 Nbd7 6. Bd3 c5 7. c3 h6 8. Bf4
Nh5 9. Be5 Nxe5 10. Nxe5 Nf6 11. f4 Qb6 12. Rb1 Bd7 13. O-O cxd4 14. exd4 Bb5
15. Ndf3 Qa6 16. Qe2 Bxd3 17. Qxd3 Qxd3 18. Nxd3 Ne4 19. Nf2 Nxf2 20. Kxf2 O-O
21. Rbe1 Bd6 22. g3 b5 23. Ne5 a5 24. Ke3 f6 25. Nd3 Rfe8 26. Kd2 Kf7 27. Ne5+
Bxe5 28. fxe5 f5 29. g4 g6 30. Ke3 b4 31. Rc1 Rec8 32. gxf5 gxf5 33. Kd3 bxc3
34. Rxc3 Rxc3+ 35. Kxc3 Rc8+ 36. Kd3 a4 37. b4 axb3 38. axb3 Rb8 39. Rb1 Kg6 40.
b4 f4 41. b5 Kf7 42. Ke2 Kg6 43. Kf3 Kf5 44. b6 Rb7 45. h4 Kg6 46. Kxf4 Kh5 47.
Rb2 Rf7+ 48. Kg3 Rg7+ 49. Kh3 Rb7 50. Rb1 Kg6 51. Kg4 h5+ 52. Kf4 Rf7+ 53. Kg3
Rb7 54. Rb3 Kf5 55. Kf3 Kg6 56. Kf4 Rf7+ 57. Ke3 Rb7 58. Rb5 Kf5 59. Kd3 Kg4 60.
Kc3 Kxh4 61. Kb4 Kg3 62. Kc5 h4 63. Kc6 Rb8 64. Kc7 Rf8 65. b7 {Black resigns}
1-0

[Event "Team 45 45 League T47"]
[Site "Internet Chess Club"]
[Date "2010.11.05"]
[Round "1"]
[White "Holzschlange"]
[Black "Pablito15"]
[Result "0-1"]
[WhiteElo "1821"]
[BlackElo "1472"]
[Opening "English: Caro-Kann defensive system"]
[ECO "A11"]
[Time "22:00:52"]
[TimeControl "2700+45"]

1. c4 c6 2. Nc3 Nf6 3. e4 d6 4. Nge2 e5 5. g3 Be6 6. d3 d5 7. b3 dxe4 8. dxe4
Qxd1+ 9. Kxd1 Ng4 10. Ke1 Bc5 11. Nd1 Na6 12. a3 O-O-O 13. Nec3 Bd4 14. Be2 Nxf2
15. Ra2 Nxh1 16. Be3 f5 17. Kf1 Rhf8 18. Kg1 Nxg3 19. hxg3 Nc5 20. b4 Nxe4 21.
Nxe4 fxe4 22. Kg2 Rd7 23. Rc2 Rdf7 24. Kg1 Bxe3+ 25. Nxe3 Rf2 26. Bd1 Rxc2 27.
Bxc2 Rf3 28. Nf1 Bxc4 {White resigns} 0-1

[Event "Team 45 45 League T47"]
[Site "Internet Chess Club"]
[Date "2010.11.05"]
[Round "1"]
[White "Chess2Play"]
[Black "LazyPeon"]
[Result "0-1"]
[WhiteElo "1648"]
[BlackElo "1634"]
[Opening "QGD semi-Slav: Chigorin defense"]
[ECO "D46"]
[Time "17:00:57"]
[TimeControl "2700+45"]

1. d4 d5 2. c4 c6 3. Nc3 Nf6 4. e3 e6 5. Nf3 Nbd7 6. Bd3 Bd6 7. Qc2 O-O 8. cxd5
exd5 9. O-O Re8 10. Ng5 h6 11. Nf3 b6 12. e4 dxe4 13. Nxe4 Qc7 14. Nxd6 Qxd6 15.
Be3 Nd5 16. Rfe1 Nb4 17. Qc3 Nxd3 18. Qxd3 Nf6 19. Rad1 Be6 20. b3 Rad8 21. Ne5
Bc8 22. Qc2 c5 23. Qd2 Ng4 24. Nxg4 Bxg4 25. f3 Be6 26. Bf4 Qxd4+ 27. Qxd4 cxd4
28. Rd3 Rd5 29. Kf2 Rc8 30. Rc1 Rcd8 31. Rc7 Bf5 32. Rd2 g5 33. Bg3 d3 34. h3 a5
35. Rc3 Rc5 36. Rxc5 bxc5 37. Bc7 Rd5 38. Bxa5 c4 39. Bc3 cxb3 40. axb3 Rc5 41.
Bb4 Rb5 42. Be7 Rxb3 43. h4 gxh4 44. Bxh4 h5 45. Bf6 Kh7 46. Be7 Kg6 47. Ke3 Rb6
48. Bd8 Rd6 49. Bc7 Rd7 50. Bg3 Kf6 51. Bf4 Bg6 52. g3 Ke6 53. Bg5 Kd5 54. g4
hxg4 55. fxg4 Kc4 56. Bf6 Rd6 57. g5 Re6+ 58. Kf2 Bh5 59. Bd8 Re5 60. Bf6 Re6
61. Ba1 Bg6 62. Bg7 Kb3 63. Bd4 Rc6 64. Be5 Rc2 65. Ke1 Ka2 66. Bd4 Kb1 67. Be5
Rc4 68. Bf6 Re4+ 69. Kf2 Rh4 70. Kg3 Rh1 71. Kf3 Kc1 72. Bc3 Rg1 73. Kf4 Re1 74.
Kf3 Re6 75. Kf4 Rc6 76. Ba5 Rc5 77. Bb6 Rc2 78. Rxc2+ dxc2 79. Bd4 Kd1 80. Be3
c1=Q 81. Bxc1 Kxc1 82. Ke5 Kd2 83. Kf6 Kd3 84. Ke5 Ke3 85. Kf6 Kf4 {White
resigns} 0-1

[Event "Team 45 45 League T47"]
[Site "Internet Chess Club"]
[Date "2010.11.06"]
[Round "1"]
[White "Rapidcitychess"]
[Black "Oscar"]
[Result "1-0"]
[WhiteElo "1559"]
[BlackElo "1493"]
[Opening "QGD: Marshall defense"]
[ECO "A50"]
[Time "22:00:24"]
[TimeControl "2700+45"]

1. d4 Nf6 2. c4 d5 3. cxd5 Nxd5 4. Nf3 Nc6 5. e4 Nf6 6. d5 Nb8 7. Nc3 e6 8. Bg5
Be7 9. Bxf6 Bxf6 10. e5 Be7 11. Bb5+ Bd7 12. d6 cxd6 13. exd6 Bf6 14. Bxd7+ Nxd7
15. Ne4 O-O 16. O-O Rc8 17. Rc1 Rxc1 18. Qxc1 Qb6 19. Qc7 Qxc7 20. dxc7 Bxb2 21.
Nd6 Nb6 22. Rb1 Ba3 23. Rxb6 axb6 24. c8=Q Rxc8 25. Nxc8 Bc5 26. Na7 f6 27. Nb5
Kf7 28. Kf1 Ke7 29. Nfd4 Bxd4 30. Nxd4 Kd6 31. Ke2 g6 32. Kd3 Kd5 33. Nc2 b5 34.
Nb4+ Kc5 35. a3 e5 36. f3 f5 37. h3 e4+ 38. fxe4 fxe4+ 39. Kxe4 Kc4 40. Nc2 Kc3
41. Nd4 b4 42. axb4 Kxb4 43. g4 Kc4 44. g5 b5 45. Nxb5 Kxb5 46. Kd5 Kb6 47. Ke6
Kc6 48. Kf7 Kd6 49. Kg7 Ke6 50. Kxh7 Kf5 51. Kh6 Kf4 52. Kxg6 Kg3 53. Kf6 {Black
resigns} 1-0

[Event "Team 45 45 League T47"]
[Site "Internet Chess Club"]
[Date "2010.11.06"]
[Round "1"]
[White "nas3"]
[Black "civilization"]
[Result "0-1"]
[WhiteElo "1860"]
[BlackElo "1690"]
[Opening "Sicilian: Pin, Koch variation"]
[ECO "B41"]
[Time "13:06:57"]
[TimeControl "2700+45"]

1. e4 c5 2. Nf3 e6 3. d4 cxd4 4. Nxd4 Nf6 5. Nc3 Bb4 6. e5 Nd5 7. Bd2 Nxc3 8.
bxc3 Bf8 9. Bd3 a6 10. O-O Nc6 11. Nf3 d6 12. exd6 Bxd6 13. Qe2 Qc7 14. h3 Ne5
15. Rfe1 Nxf3+ 16. Qxf3 Be5 17. Rab1 Bf6 18. Rb4 O-O 19. Rg4 e5 20. Rg3 Qe7 21.
Qe2 Re8 22. Be4 Rb8 23. f4 Bh4 {White resigns} 0-1

[Event "Team 45 45 League T47"]
[Site "Internet Chess Club"]
[Date "2010.11.06"]
[Round "1"]
[White "Theodulf"]
[Black "Gilguli"]
[Result "1-0"]
[WhiteElo "1587"]
[BlackElo "1430"]
[Opening "Petrov: Damiano variation"]
[ECO "C42"]
[Time "09:07:36"]
[TimeControl "2700+45"]

1. e4 e5 2. Nf3 Nf6 3. Nxe5 Nxe4 4. Qe2 Qe7 5. Qxe4 d6 6. d4 dxe5 7. Qxe5 Qxe5+
8. dxe5 Nc6 9. Bb5 Bd7 10. Bxc6 Bxc6 11. O-O O-O-O 12. Be3 Rd5 13. f4 Bc5 14.
Bxc5 Rxc5 15. Nc3 Rd8 16. Rf2 Rc4 17. Rd1 Rxd1+ 18. Nxd1 Re4 19. Nc3 Re3 20. Re2
Rxe2 21. Nxe2 Kd7 22. Kf2 Be4 23. c4 c5 24. g4 Ke6 25. Nc3 Bc6 26. Ke3 b6 27.
Ne4 h6 28. h4 f6 29. exf6 gxf6 30. Ng3 b5 31. cxb5 Bxb5 32. Nf5 h5 33. Ng7+ Kf7
34. Nxh5 Kg6 35. Ng3 Bd7 36. g5 fxg5 37. hxg5 Be6 38. f5+ Bxf5 39. Nxf5 Kxf5 40.
Kd3 Kxg5 41. Kc4 Kf5 42. Kxc5 Ke5 43. Kb5 Kd5 44. Ka6 Kc5 45. Kxa7 Kb5 46. Kb7
Kb4 47. Kb6 Ka4 48. Kc5 Ka5 49. b4+ Ka6 50. Kc6 Ka7 51. b5 Ka8 52. Kc7 Ka7 53.
b6+ Ka8 54. b7+ Ka7 55. b8=Q+ {Black resigns} 1-0

[Event "Team 45 45 League T47"]
[Site "Internet Chess Club"]
[Date "2010.11.07"]
[Round "1"]
[White "Sinuhe"]
[Black "slipkid"]
[Result "0-1"]
[WhiteElo "1418"]
[BlackElo "1641"]
[Opening "Vienna game"]
[ECO "C28"]
[Time "14:00:24"]
[TimeControl "2700+45"]

1. e4 e5 2. Bc4 Nf6 3. Nc3 Nc6 4. a3 Nxe4 5. Nge2 d5 6. Bxd5 Nf6 7. Ba2 Bc5 8.
O-O Be6 9. b3 Ng4 10. Qe1 Qh4 11. h3 Nxf2 12. Rxf2 O-O 13. d4 Nxd4 14. Nxd4 Qxd4
15. Be3 Qxe3 {White resigns} 0-1

[Event "Team 45 45 League T47"]
[Site "Internet Chess Club"]
[Date "2010.11.06"]
[Round "1"]
[White "allanchs"]
[Black "arconia"]
[Result "1-0"]
[WhiteElo "1536"]
[BlackElo "1353"]
[Opening "Sicilian: Taimanov variation"]
[ECO "B45"]
[Time "10:01:29"]
[TimeControl "2700+45"]

1. e4 c5 2. Nf3 Nc6 3. d4 cxd4 4. Nxd4 e6 5. Nc3 Nf6 6. Bg5 a6 7. Be2 Bc5 8. Nb3
Bxf2+ 9. Kxf2 Ng4+ 10. Bxg4 Qxg5 11. Rf1 Ne5 12. Bf3 O-O 13. Kg1 b6 14. Qd2 Qg6
15. Qe2 Qg5 16. Rad1 Bb7 17. Nd2 a5 18. Qf2 Ba6 19. Rfe1 Rab8 20. Be2 Bxe2 21.
Qxe2 h5 22. Nf3 Nxf3+ 23. Qxf3 f5 24. Rxd7 Rf6 25. Qg3 Qxg3 26. hxg3 f4 27. gxf4
Rxf4 28. Rf1 Rg4 29. Rff7 h4 30. Kf2 Kh7 31. Rde7 Rd8 32. Rd7 Rh8 33. Kf3 Rg6
34. Ne2 Kg8 35. Rd8+ Kh7 36. Rxh8+ Kxh8 37. Rf8+ Kh7 38. Nf4 Rg3+ 39. Kf2 e5 40.
Nd3 Rg5 41. Rf5 Kh6 42. Rxg5 Kxg5 43. Nxe5 Kf4 44. Nc4 g5 45. e5 g4 46. e6 g3+
47. Kg1 Kf5 48. e7 {Black resigns} 1-0

[Event "Team 45 45 League T47"]
[Site "Internet Chess Club"]
[Date "2010.11.05"]
[Round "1"]
[White "Geeloo"]
[Black "QueensCounselor"]
[Result "0-1"]
[WhiteElo "2081"]
[BlackElo "2185"]
[Opening "Sicilian: Scheveningen, English variation"]
[ECO "B90"]
[Time "15:07:38"]
[TimeControl "2700+45"]

1. e4 c5 2. Nf3 d6 3. d4 cxd4 4. Nxd4 Nf6 5. Nc3 a6 6. Be3 e6 7. Qd2 Be7 8. f3
O-O 9. g4 Nc6 10. O-O-O Nxd4 11. Bxd4 e5 12. Be3 Be6 13. g5 Nh5 14. Nd5 Bxd5 15.
exd5 f5 16. gxf6 Rxf6 17. Kb1 Nf4 18. Rg1 Rc8 19. Bxf4 Rxf4 20. Bd3 h6 21. Rg6
Bg5 22. Qg2 Rf6 23. Qh3 Rc7 24. Rxg5 hxg5 25. Qh7+ Kf7 26. Qh5+ Ke7 27. Qxg5 Qh8
28. Rg1 Qh6 29. Qg3 Kd8 30. Be4 Qf4 31. Qe1 Qxh2 32. Rh1 Qf4 33. Rh4 Qg5 34.
Rh8+ Ke7 35. a3 Rf8 36. Rh7 Kd8 37. Qb4 Qg1+ 38. Ka2 Qc5 39. Qd2 Kc8 40. Qg5 Kb8
41. Rxg7 Rxg7 42. Qxg7 Rc8 43. Qh6 b5 44. Qd2 Rg8 45. Qh6 Qc7 46. Qe3 Rg2 47.
Qc1 Qc4+ 48. b3 Qc5 49. Qh6 Rg1 50. Qf8+ Kb7 51. Qe7+ Qc7 52. Qf8 Kb6 53. Qa8
Rg2 54. Kb2 Rg7 55. Qe8 Re7 56. Qf8 Rd7 57. Qa8 Rd8 58. Qc6+ Qxc6 59. dxc6 d5
60. c7 Kxc7 61. Bf5 Kd6 62. Kc3 d4+ 63. Kb4 Kc6 64. Ka5 Kb7 65. Be4+ Ka7 66. Bf5
Rh8 67. a4 bxa4 68. Kxa4 Kb6 69. Kb4 Rf8 70. Be4 Rc8 71. Bd3 a5+ 72. Ka4 Rh8 73.
b4 axb4 74. Kxb4 Rc8 75. Bc4 Rf8 76. Bd5 Rc8 77. Bc4 Kc6 78. Be6 Rf8 79. Kc4 Kd6
80. Bg4 Rf4 81. Bh5 Rh4 82. Bg6 Rh8 83. Bf5 Rf8 84. Bg4 Rf7 85. Kd3 Rc7 86. Bf5
Rc3+ 87. Ke2 Kc5 88. Bd3 Kb4 89. Kd2 Ka3 90. Kc1 Ka2 91. Be4 Re3 92. Kd2 Kb2 93.
Bd5 Rc3 94. Be4 Rc5 95. Bd3 Rc7 96. Bg6 Rg7 97. Be4 Rg2+ 98. Kd1 Kc3 99. Bf5
Rg1+ 100. Ke2 Rc1 {White resigns} 0-1

[Event "Team 45 45 League T47"]
[Site "Internet Chess Club"]
[Date "2010.11.06"]
[Round "1"]
[White "spunni"]
[Black "jonesey"]
[Result "0-1"]
[WhiteElo "1812"]
[BlackElo "1955"]
[Opening "Four knights: Scotch, 4...exd4"]
[ECO "C47"]
[Time "07:57:18"]
[TimeControl "2700+45"]

1. e4 e5 2. Nf3 Nc6 3. Nc3 Nf6 4. d4 exd4 5. Nxd4 Bb4 6. Nxc6 bxc6 7. Bd3 d5 8.
exd5 Qe7+ 9. Qe2 Qxe2+ 10. Kxe2 Nxd5 11. Ne4 O-O 12. a3 Be7 13. c4 Nb6 14. Re1
Be6 15. b3 Rfd8 16. Ng5 Rxd3 17. Kxd3 Bf5+ 18. Ke2 Bf6 19. Bf4 Bxa1 20. Rxa1
Re8+ 21. Kd2 Rd8+ 22. Kc3 Rd3+ 23. Kb2 Nd7 24. Re1 Kf8 25. Bxc7 Nc5 26. Re5 Rd2+
27. Kc3 Rc2+ 28. Kd4 Nxb3+ 29. Ke3 Rc3+ 30. Kf4 Rxc4+ 31. Kg3 Rg4+ 32. Kf3 Nd4+
33. Ke3 Ne6 34. f4 Nxc7 35. Rxf5 f6 36. g3 Nd5+ 37. Kf3 Ke7 38. Nxh7 Rg6 39. Rh5
Kf7 40. g4 Kg8 41. g5 f5 42. Rh4 c5 43. Ke2 c4 44. Kd2 c3+ 45. Kd3 Rc6 46. Kc2
Ne3+ 47. Kc1 c2 48. g6 Rxg6 49. Ng5 Rd6 {White resigns} 0-1

[Event "Team 45 45 League T47"]
[Site "Internet Chess Club"]
[Date "2010.11.05"]
[Round "1"]
[White "fishhead"]
[Black "perikitosax"]
[Result "1-0"]
[WhiteElo "1774"]
[BlackElo "1987"]
[Opening "Sicilian defense"]
[ECO "B44"]
[Time "16:02:11"]
[TimeControl "2700+45"]

1. e4 c5 2. Nf3 e6 3. d4 cxd4 4. Nxd4 Nc6 5. Nxc6 bxc6 6. Bc4 d5 7. Bb3 Nf6 8.
e5 Nd7 9. Bf4 Ba6 10. Nd2 Qa5 11. Qf3 Nc5 12. O-O-O Nxb3+ 13. axb3 g6 14. Rhe1
Bg7 15. Qe3 O-O 16. Bh6 c5 17. Bxg7 Kxg7 18. Qg5 c4 19. bxc4 Qa1+ 20. Nb1 dxc4
21. c3 Rab8 22. Re2 Bb7 23. Rd4 Bd5 24. Rh4 Rh8 25. Qf6+ Kg8 26. Rf4 Rb7 27. Rd2
Qa6 28. Rxd5 {Black resigns} 1-0

[Event "Team 45 45 League T47"]
[Site "Internet Chess Club"]
[Date "2010.11.06"]
[Round "1"]
[White "TerryMalloy"]
[Black "TonyRo"]
[Result "0-1"]
[WhiteElo "2025"]
[BlackElo "2262"]
[Opening "Sicilian: Hungarian variation"]
[ECO "B27"]
[Time "09:45:05"]
[TimeControl "2700+45"]

1. e4 c5 2. Nf3 g6 3. d4 cxd4 4. Qxd4 Nf6 5. e5 Nc6 6. Qa4 Nd5 7. Qe4 Nc7 8. Bf4
Bg7 9. Nc3 b6 10. O-O-O Bb7 11. Qe3 h5 12. Bc4 Na5 13. Be2 Rc8 14. Rd2 Ne6 15.
Rhd1 Nxf4 16. Qxf4 Bxf3 17. Bxf3 Bh6 18. Qd4 Nc4 19. e6 O-O 20. exf7+ Kh7 21.
Ne4 d5 22. Nc3 Nxd2 23. Rxd2 Bxd2+ 24. Qxd2 e6 25. Ne2 Rxf7 26. Nd4 Qf6 27. c3
e5 28. Bxd5 exd4 29. Bxf7 dxc3 30. Bxg6+ Kxg6 {White resigns} 0-1

[Event "Team 45 45 League T47"]
[Site "Internet Chess Club"]
[Date "2010.11.06"]
[Round "1"]
[White "OpenMind"]
[Black "Oneflewover"]
[Result "1/2-1/2"]
[WhiteElo "1993"]
[BlackElo "2010"]
[Opening "Scandinavian defense"]
[ECO "B01"]
[Time "10:30:22"]
[TimeControl "2700+45"]

1. e4 d5 2. exd5 Nf6 3. d4 Bg4 4. f3 Bf5 5. g4 Bg6 6. c4 e6 7. Nc3 exd5 8. g5
Nfd7 9. Nxd5 Nc6 10. c5 Be7 11. Bf4 O-O 12. Nxe7+ Nxe7 13. Ne2 Nd5 14. Qd2 {Game
drawn by mutual agreement} 1/2-1/2

[Event "Team 45 45 League T47"]
[Site "Internet Chess Club"]
[Date "2010.11.04"]
[Round "1"]
[White "Mat55"]
[Black "Kodos"]
[Result "1-0"]
[WhiteElo "1924"]
[BlackElo "1946"]
[Opening "Scotch: Göring gambit"]
[ECO "C44"]
[Time "19:00:50"]
[TimeControl "2700+45"]

1. e4 e5 2. Nf3 Nc6 3. d4 exd4 4. c3 d5 5. exd5 Qxd5 6. cxd4 Bb4+ 7. Nc3 Bg4 8.
Be2 Bxf3 9. Bxf3 Qc4 10. Bxc6+ bxc6 11. Qe2+ Qxe2+ 12. Kxe2 O-O-O 13. Be3 Nf6
14. Rac1 Rhe8 15. a3 Bxc3 16. Rxc3 Nd5 17. Rxc6 Nxe3 18. fxe3 Rxd4 19. Rhc1 Rd7
20. g3 Re5 21. R1c5 Rxc5 22. Rxc5 Kb7 23. b4 Rd6 24. a4 Rb6 25. b5 a6 26. bxa6+
Rxa6 27. a5 Rd6 28. e4 f6 29. Ke3 Rd1 30. h4 Ra1 31. h5 g6 32. g4 Rg1 33. Kf4
Rf1+ 34. Ke3 Rg1 35. a6+ Kxa6 36. Rxc7 Rxg4 37. h6 f5 38. e5 Re4+ 39. Kf3 Rxe5
40. Rxh7 Re4 41. Rg7 Rh4 42. Rxg6+ Kb5 43. Kg3 Rh5 44. Kf4 Kc5 45. Ke5 f4+ 46.
Kxf4 Rh1 47. Kf5 Kd5 48. Kf6 Kd6 49. Kg7+ Ke7 50. h7 Rc1 51. h8=Q Rc8 52. Re6+
{Black resigns} 1-0

[Event "Team 45 45 League T47"]
[Site "Internet Chess Club"]
[Date "2010.11.04"]
[Round "1"]
[White "porgue"]
[Black "Goli"]
[Result "1-0"]
[WhiteElo "1644"]
[BlackElo "1784"]
[Opening "Pirc: Austrian attack, 6.Be3"]
[ECO "B06"]
[Time "17:00:36"]
[TimeControl "2700+45"]

1. e4 g6 2. d4 Bg7 3. Nc3 d6 4. f4 Nf6 5. Nf3 O-O 6. Be3 Ng4 7. Bg1 Nd7 8. Qd2
a6 9. h3 Ngf6 10. g4 c5 11. O-O-O cxd4 12. Bxd4 b5 13. e5 Ne8 14. e6 fxe6 15.
Ng5 Ndf6 16. Bg2 d5 17. Rhe1 Qd6 18. Qf2 Nc7 19. Be5 Qd8 20. Qb6 Nfe8 21. Nxd5
Bxe5 22. Rxe5 Qd6 23. Nf6+ exf6 24. Rxd6 fxe5 25. Rd8 Bb7 26. Rxa8 Bxg2 27. Ra7
Rxf4 28. Rxc7 Nxc7 29. Qxc7 Bd5 30. Qxh7+ Kf8 31. Qxg6 Ke7 32. Qg7+ Kd6 33. Nf7+
Kc5 34. Nxe5 Kd6 35. Nd3 Re4 36. Qf8+ Kc7 37. Qe7+ Kb6 38. g5 Bc4 39. Qd6+ Kb7
40. Nc5+ {Black resigns} 1-0

[Event "Team 45 45 League T47"]
[Site "Internet Chess Club"]
[Date "2010.11.06"]
[Round "1"]
[White "trickey1872"]
[Black "GadsHill"]
[Result "0-1"]
[WhiteElo "1505"]
[BlackElo "1559"]
[Opening "English opening"]
[ECO "A13"]
[Time "16:19:27"]
[TimeControl "2700+45"]

1. c4 e6 2. g3 Nf6 3. Bg2 d5 4. cxd5 exd5 5. Nf3 Be7 6. O-O O-O 7. d4 c6 8. Bg5
Nbd7 9. Bf4 Re8 10. Nbd2 Nf8 11. Ne5 Bd6 12. Ndf3 Ne6 13. Bd2 Nxd4 14. Nxd4 Bxe5
15. Bc3 Bg4 16. Re1 Qc7 17. f3 Bh5 18. Qd3 Bg6 19. Nf5 Bxc3 20. bxc3 Re5 21. e4
Rae8 22. g4 Bxf5 23. exf5 Rxe1+ 24. Rxe1 Rxe1+ 25. Kf2 Qe5 26. h3 Ra1 27. Bf1
{White resigns} 0-1

[Event "Team 45 45 League T47"]
[Site "Internet Chess Club"]
[Date "2010.11.04"]
[Round "1"]
[White "sdcohle"]
[Black "Oscar"]
[Result "1/2-1/2"]
[WhiteElo "1423"]
[BlackElo "1507"]
[Opening "Caro-Kann: exchange variation"]
[ECO "B13"]
[Time "23:02:57"]
[TimeControl "2700+45"]

1. e4 c6 2. d4 d5 3. exd5 cxd5 4. Nf3 Nc6 5. Bb5 a6 6. Ba4 b5 7. Bb3 Bg4 8. Nbd2
Nf6 9. O-O Nxd4 10. c3 Nc6 11. h3 Bh5 12. Re1 e6 13. Nf1 h6 14. Ng3 Bg6 15. Ne5
Nxe5 16. Rxe5 Bd6 17. Re3 Bxg3 18. Rxg3 Ne4 19. Re3 Qh4 20. Qe1 O-O 21. Bd2 Rad8
22. Rf3 Nxd2 23. Qxd2 Be4 24. Rg3 Qf6 25. Bc2 Bxc2 26. Qxc2 e5 27. Rf3 Qe6 28.
Re1 f5 29. Rfe3 e4 30. f3 Qb6 31. Kh1 f4 32. R3e2 e3 33. Qb3 Kh8 34. Rd1 d4 35.
cxd4 Rxd4 36. Rd3 Rfd8 37. Rc3 Rd2 38. Rxd2 exd2 39. Rd3 Rxd3 40. Qxd3 Qa5 {Game
drawn by mutual agreement} 1/2-1/2

[Event "Team 45 45 League T47"]
[Site "Internet Chess Club"]
[Date "2010.11.05"]
[Round "1"]
[White "Jazzy-Jeff"]
[Black "MateIn42"]
[Result "1/2-1/2"]
[WhiteElo "1221"]
[BlackElo "1467"]
[Opening "Queen's Indian: 4.Nc3"]
[ECO "E12"]
[Time "20:01:17"]
[TimeControl "2700+45"]

1. d4 Nf6 2. c4 e6 3. Nf3 b6 4. Nc3 Bb7 5. e3 c5 6. Bd3 cxd4 7. exd4 d5 8. O-O
dxc4 9. Bxc4 Be7 10. Re1 O-O 11. Ne5 Nc6 12. Nf3 a6 13. d5 Na5 14. Be2 Nxd5 15.
Ne5 Nxc3 16. bxc3 Qxd1 17. Rxd1 Bf6 18. Nd7 Bxc3 19. Nxf8 Bxa1 20. Ba3 Bb2 21.
Bxb2 Kxf8 22. Rd7 Ke8 23. Rc7 g6 24. Bc3 Rc8 25. Rxc8+ Bxc8 26. f4 Nc6 27. g4 a5
28. Bd2 f5 29. g5 Bd7 30. Be3 Nb4 31. Bxb6 Nxa2 32. Bxa5 Nc1 33. Ba6 Nb3 34. Bb4
Nd4 35. h4 Bc6 36. Kf2 Nf3 37. Kg3 e5 38. fxe5 Nxe5 39. Bd6 Nf7 40. Bb4 Kd7 41.
Kf4 Nd6 42. Bxd6 Kxd6 43. Bc4 Bd5 44. Bd3 Be4 45. Bc4 Bd5 46. Bd3 Ke7 47. Bc2
Kf8 48. Bd3 Be6 49. Bc2 Kg7 50. Bd3 h6 51. Be2 hxg5+ 52. hxg5 {Game drawn by
mutual agreement} 1/2-1/2